 Dungeon Crawl Stone Soup version 0.31-a0-240-gb923e448b6 (webtiles) character file.

Game seed: 650021210729751446

133 qw the Shooter (level 4, -3/38 HPs)
             Began as a Minotaur Hexslinger on July 11, 2023.
             Slain by Terence
             ... wielding a +0 falchion
              (10 damage)
             ... on level 3 of the Dungeon.
             The game lasted 00:00:55 (2367 turns).

qw the Shooter (Minotaur Hexslinger)                Turns: 2367, Time: 00:00:55

Health: -3/38      AC:  3    Str: 13    XL:     4   Next: 94%
Magic:  4/4        EV: 12    Int: 10    God:
Gold:   182        SH:  0    Dex: 14    Spells: 4/5 levels left

rFire   . . .        Y - +1 sling
rCold   . . .        (no shield)
rNeg    . . .        d - +0 leather armour
rPois   .            (helmet restricted)
rElec   .            (no cloak)
rCorr   .            (no gloves)
SInv    .            (no boots)
Will    .....        (no amulet)
Stlth   +            (no ring)
HPRegen 0.26/turn    (no ring)
MPRegen 0.09/turn

%: no passive effects
@: no status effects
A: horns 2, retaliatory headbutt
a: no special abilities


You were on level 3 of the Dungeon.
You visited 1 branch of the dungeon, and saw 4 of its levels.

You collected 182 gold pieces.


Innate Abilities, Weirdness & Mutations

You have a pair of horns on your head.
You reflexively headbutt those who attack you in melee.


   Skills:
 - Level 3.1 Fighting
 + Level 5.0 Ranged Weapons
 - Level 2.1 Dodging
 - Level 1.0 Spellcasting
 - Level 2.0 Hexes


You had 4 spell levels left.
You knew the following spells:

 Your Spells              Type           Power      Damage    Failure   Level
a - Slow                  Hex            16%        N/A       19%         1

Your spell library contained the following spells:

 Spells                   Type           Power      Damage    Failure   Level
 Inner Flame              Hex/Fire       2%         N/A       65%         3
 Portal Projectile        Hex/Tloc       4%         N/A       65%         3
 Cause Fear               Hex            2%         N/A       88%         4

Inventory:

Hand Weapons
 Y - a +1 sling (weapon)
Armour
 d - a +0 leather armour (worn)
Potions
 a - a potion of heal wounds {unknown}
 b - a potion of mutation {unknown}
 e - a potion of invisibility {unknown}
 g - a potion of might {unknown}
 h - a potion of degeneration {unknown}
 i - a potion of attraction {unknown}

Dungeon Overview and Level Annotations

Branches:
Dungeon (4/15)
 Temple: D:4-7

Altars:

Annotations:
D:3 Terence


Message History

The sling bullet hits Terence but does no damage.
Terence is heavily wounded.
Terence hits you with a +0 falchion. Terence completely misses you.
You shoot a sling bullet. The sling bullet barely misses Terence.
Terence completely misses you.
You shoot a sling bullet.
The sling bullet hits Terence but does no damage.
Terence is heavily wounded.
Terence hits you with a +0 falchion.
You shoot a sling bullet.
The sling bullet hits Terence but does no damage.
Terence is heavily wounded.
Terence screams, "I'm going to kill you!"
Terence closely misses you. You furiously retaliate!
You headbutt Terence, but do no damage. You shoot a sling bullet.
The sling bullet hits Terence but does no damage.
Terence is heavily wounded.
Terence hits you with a +0 falchion.
You shoot a sling bullet.
The sling bullet hits Terence but does no damage.
Terence is heavily wounded.
Terence hits you with a +0 falchion. x2
You shoot a sling bullet. The sling bullet hits Terence.
Terence is heavily wounded.
Terence says, "How do you enjoy it?" Terence hits you with a +0 falchion.
You shoot a sling bullet.
The sling bullet hits Terence but does no damage.
Terence is heavily wounded.
Terence closely misses you.
You shoot a sling bullet.
The sling bullet hits Terence but does no damage.
Terence is heavily wounded.
Terence closely misses you.
You shoot a sling bullet.
The sling bullet hits Terence but does no damage.
Terence is heavily wounded.
Terence hits you with a +0 falchion!
You die...

#...# ## #. #...#
#. #. #...# ###. #.
#...# ######... #.
#...###......#.
#.###.#.>..........
#.#...#.##########.
#@#.###.# #.#%
#.@.....# #...
###.##### #.#. ..#
#.#. #### #... ####


You could see Terence.

Vanquished Creatures
  Natasha (D:3)
  Robin (D:3)
  3 adders
  An ufetubus (D:4)
  A worm (D:2)
  2 dart slugs
  3 orcs (D:3)
  5 ball pythons
  3 endoplasms
  3 giant cockroaches (D:1)
  15 goblins
  4 hobgoblins
  3 quokkas
  3 bats
  4 frilled lizards
  2 kobolds (D:1)
  3 rats
57 creatures vanquished.

Notes
Turn   | Place    | Note
-------+----------+-------------------------------------------
     0 | D:1      | qw the Minotaur Hexslinger began the quest for the Orb.
     0 | D:1      | Reached XP level 1. HP: 16/16 MP: 1/1
     0 | D:1      | 0 ||| qw: Version: 0.3-a-52-g30416fa
     0 | D:1      | 0 ||| qw: Game counter: 6003
     0 | D:1      | 0 ||| qw: Melee chars always use a shield: true
     0 | D:1      | 0 ||| qw: God list: Okawaru
     0 | D:1      | 0 ||| qw: Allow faded altars: false
     0 | D:1      | 0 ||| qw: Do Orc after clearing Dungeon:15 true
     0 | D:1      | 0 ||| qw: Do second Lair branch before Depths: true
     0 | D:1      | 0 ||| qw: Lair rune preference: random
     0 | D:1      | 0 ||| qw: Goals: Normal
     0 | D:1      | 0 ||| PLANNING D:1-11
   161 | D:1      | Reached skill level 3 in Ranged Weapons
   184 | D:1      | Reached XP level 2. HP: 23/23 MP: 2/2
   488 | D:1      | Found a faded altar of an unknown god.
   730 | D:1      | 730 ||| READING scroll labelled XUX BUGAGISATI.
   731 | D:1      | 731 ||| READING scroll labelled KOPLES MUUR.
   732 | D:1      | 732 ||| READING 2 scrolls labelled YWNUPS BEWEBE.
   733 | D:1      | 733 ||| DRINKING 2 ruby potions.
   838 | D:1      | 838 ||| DROPPING scroll of poison.
   839 | D:1      | 839 ||| DROPPING potion of berserk rage.
   840 | D:1      | 840 ||| DROPPING scroll of fear.
  1004 | D:2      | You fall into a shaft and drop 2 floors!
  1151 | D:4      | Reached XP level 3. HP: 29/29 MP: 3/3
  1162 | D:4      | 1162 ||| READING scroll labelled OPNUSO GEYNURPH.
  1166 | D:4      | 1166 ||| FLEEEEING.
  1170 | D:4      | 1170 ||| STAIRDANCE
  1378 | D:2      | Reached skill level 4 in Ranged Weapons
  1603 | D:2      | 1603 ||| READING scroll labelled FANYZE IKKEST.
  1608 | D:2      | 1608 ||| READING scroll labelled FUMYHILING.
  1609 | D:2      | 1609 ||| READING scroll labelled MOPNOY AFFIUL.
  1610 | D:2      | 1610 ||| READING scroll labelled SARIX WECI.
  1793 | D:3      | Reached XP level 4. HP: 32/36 MP: 4/4
  1871 | D:3      | 1871 ||| FLEEEEING.
  1872 | D:3      | 1872 ||| FLEEEEING.
  1878 | D:3      | 1878 ||| STAIRDANCE
  1890 | D:2      | 1890 ||| UPGRADING to +0 leather armour.
  1900 | D:2      | 1900 ||| DROPPING +0 robe.
  1901 | D:2      | 1901 ||| READING scroll labelled FAGIQE QANWI.
  1905 | D:3      | Noticed Robin
  1907 | D:3      | 1907 ||| STAIRDANCE
  1925 | D:3      | 1925 ||| STAIRDANCE
  2001 | D:3      | Noticed Natasha
  2002 | D:3      | 2002 ||| STAIRDANCE
  2008 | D:2      | Reached skill level 5 in Ranged Weapons
  2080 | D:3      | 2080 ||| STAIRDANCE
  2117 | D:3      | 2117 ||| Stepping ~*~*~tactically~*~*~ (outnumbered).
  2120 | D:3      | Killed Natasha
  2129 | D:3      | Killed Robin
  2130 | D:3      | Reached skill level 3 in Fighting
  2350 | D:3      | Noticed Terence
  2364 | D:3      | HP: 6/38 [Terence/+0 falchion (4)]
  2367 | D:3      | Slain by Terence

Levels and vault maps discovered:
D:1:      dpeg_arrival_tiny_i, layout_loops_ring,
          shapermc_ecumenical_altar_ellora, kennysheep_minor_cross
D:2:      layout_loops_ring, minmay_misc_feat_square, hangedman_decor_opposing
D:3:      layout_basic, uniq_terence, uniq_natasha, uniq_sigmund, uniq_robin
D:4:      layout_basic, mainiacjoe_overflow_concentric_impassable,
          mainiacjoe_overflow_brackets

Skill      XL: |  1  2  3  4 |
---------------+-------------+-----
Ranged Weapons | 3 4 5 |  5.0
Fighting       | 2 3 |  3.1
Dodging        | |  2.1
Spellcasting   | |  1.0
Hexes          | |  2.0

Action                     |  1- 3 |  4- 6 || total
---------------------------+-------+-------++-------
   Fire: Sling             |   129 |    58 ||   187
    Use: Scroll            |     8 |     1 ||     9
         Potion            |     1 |       ||     1
 Armour: Robe              |     7 |     1 ||     8
         Leather armour    |       |     9 ||     9
  Dodge: Dodged            |    31 |    43 ||    74

Table legend:
 A = Non-vault XP
 B = Vault XP
 C = Vault XP percentage of total XP
 D = Non-vault monster count
 E = Vault monster count
 F = Vault count percentage of total count
                 A         B        C        D         E       F
            +---------+---------+-------+---------+---------+-------
      Total |     121 |      70 |  36.6 |      43 |      14 |  24.6
            +---------+---------+-------+---------+---------+-------
        D:1 |      31 |       0 |   0.0 |      19 |       0 |   0.0
        D:2 |      36 |       6 |  14.3 |      13 |       4 |  23.5
        D:3 |      40 |      64 |  61.5 |       8 |      10 |  55.6
        D:4 |      14 |       0 |   0.0 |       3 |       0 |   0.0
            +---------+---------+-------+---------+---------+-------
